 Dungeon Crawl Stone Soup version 0.30.0-11-gf55b779eaf (webtiles) character file.

Game seed: 5054708018676815161

72 bobo the Stinger (level 4, -3/22 HPs)
             Began as a Vine Stalker Venom Mage on May 10, 2023.
             Killed from afar by Natasha (7 damage)
             ... with a bolt of dispelling energy
             ... on level 2 of the Dungeon on May 16, 2023.
             The game lasted 00:06:04 (1622 turns).

bobo the Stinger (Vine Stalker Venom Mage)          Turns: 1622, Time: 00:06:04

Health: -3/22      AC:  3    Str: 17    XL:     4   Next: 25%
Magic:  0/9        EV: 12    Int: 17    God:
Gold:   125        SH:  0    Dex: 14    Spells: 2/8 levels left

rFire   . . .        n - +10 war axe "Medwyn" {flame, Str+6}
rCold   . . .        (no shield)
rNeg    . . .        a - +0 robe
rPois   .            (no helmet)
rElec   .            (no cloak)
rCorr   .            m - +0 pair of gloves
SInv    .            (no boots)
Will    .....        (no amulet)
Stlth   ++           (no ring)
HPRegen 1.03/turn    (no ring)
MPRegen 0.11/turn

%: guardian spirit
@: no status effects
A: fangs 2, regeneration 1, magic shield, antimagic bite, no potion heal 2
a: no special abilities


You were on level 2 of the Dungeon.
You visited 1 branch of the dungeon, and saw 2 of its levels.

You collected 125 gold pieces.

Inventory:

Hand Weapons
 n - the +10 war axe "Medwyn" (weapon) {flame, Str+6}
   (You found it on level 2 of the Dungeon)

   Str:       It affects your strength (+6).
Armour
 a - a +0 robe (worn)
 m - a +0 pair of gloves (worn)
Scrolls
 c - a scroll of amnesia {unknown}
 d - 2 scrolls of teleportation {unknown}
 e - 3 scrolls of magic mapping {unknown}
 f - 2 scrolls of enchant armour {unknown}
 g - 4 scrolls of identify {unknown}
 h - a scroll of blinking {unknown}
 i - a scroll of enchant weapon {unknown}
 l - a scroll of fog {unknown}
Potions
 j - a potion of mutation {unknown}
 k - 2 potions of degeneration {unknown}
 o - a potion of haste {unknown}


   Skills:
 + Level 1.0 Fighting
 - Level 1.5 Dodging
 - Level 2.4 Stealth
 - Level 0.2 Unarmed Combat
 + Level 2.7 Spellcasting
 + Level 0.5 Conjurations
 + Level 1.5 Transmutations
 + Level 0.5 Air Magic
 + Level 3.9 Poison Magic


You had 2 spell levels left.
You knew the following spells:

 Your Spells              Type           Power      Damage    Failure   Level
a - Sting                 Tmut/Pois      44%        1d5       6%          1
c - Mephitic Cloud        Conj/Pois/Air  8%         N/A       26%         3
q - Poisonous Vapours     Pois/Air       20%        N/A       11%         2

Your spell library contained the following spells:

 Spells                   Type           Power      Damage    Failure   Level
 Apportation              Tloc           4%         N/A       19%         1
 Necrotise                Necr           8%         1d4       19%         1
 Summon Small Mammal      Summ           8%         N/A       19%         1
 Olgreb's Toxic Radiance  Pois           15%        N/A       34%         4
 Animate Dead             Necr           2%         N/A       87%         4
 Haunt                    Necr/Summ      1%         N/A       100%        7
 Infestation              Necr           1%         N/A       100%        8


Dungeon Overview and Level Annotations

Branches:
Dungeon (2/15)

Altars:

Annotations:
D:2 Natasha


Innate Abilities, Weirdness & Mutations

You have extremely sharp teeth.
Your natural rate of healing is unusually fast.
When hurt, damage is shared between your health and your magic reserves.
Your bite disrupts and absorbs the magic of your enemies.
Potions cannot restore your health.


Message History

You begin to heal more quickly.
HP restored.
o - a bubbling yellow potion You open the door.
A rat comes into view.
There is an open door here.
Found a stone staircase leading up.
The sting hits the rat.
The rat is poisoned.
The rat is severely wounded.
The sting misses the rat.
You barely miss the rat. Your bite misses the rat.
The rat is severely wounded.
You kill the rat!
There is an open door here.
Found a stone staircase leading down.
Natasha, Servant of Life and Death comes into view.
She is carrying a wand of quicksilver (5).
Natasha hisses angrily.
Natasha moves out of view.
Found a pair of gloves.
Natasha zaps a wand.
The bolt of dispelling energy misses you.
Natasha casts a spell at you. The magic dart hits you.
There is an open door here.
Casting: Sting (safe; 6% risk of failure)
Confirm with . or Enter, or press ? or * to list all spells.
Aiming: Poisonous Vapours (safe; 11% risk of failure)
Press: ? - help, Dir - move target, f - Natasha
Aim: Natasha, carrying a wand of quicksilver (4) Poisonous vapours surround Natasha!
Natasha is poisoned.
Natasha casts a spell at you. The magic dart hits you.
Natasha zaps a wand.
The bolt of dispelling energy hits you!!
Ouch! That really hurt!
* * * LOW HITPOINT WARNING * * *
Okay, then.
Okay, then.
Magic courses through your body.
Natasha zaps a wand.
The bolt of dispelling energy hits you!
You die...

#......# #......#
#......# #......#
##'#####
########.#############.#
.....................>..
################'####...
.......@...# ###
......[....# ..#
...........# ..#
...........# ..#
......h....+ ..##
...........# ...#
.########### ##.####
#.....#


You could see Natasha (poisoned).

Vanquished Creatures
  Natasha (D:2)
  An adder (D:2)
  2 dart slugs (D:1)
  4 ball pythons
  A bat (D:1)
  2 endoplasms
  3 goblins (D:1)
  4 hobgoblins
  2 quokkas
  3 frilled lizards
  7 kobolds (D:1)
  5 rats
35 creatures vanquished.

Notes
Turn   | Place    | Note
-------+----------+-------------------------------------------
     0 | D:1      | bobo the Vine Stalker Venom Mage began the quest for the
                  | Orb.
     0 | D:1      | Reached XP level 1. HP: 9/9 MP: 4/4
   149 | D:1      | Reached XP level 2. HP: 13/13 MP: 3/6
   152 | D:1      | Learned a level 2 spell: Poisonous Vapours
   696 | D:1      | Reached XP level 3. HP: 16/16 MP: 1/7
   803 | D:1      | Upgraded the game from 0.30.0-5-g1a98f26d00 to
                  | 0.30.0-10-gfe55d96785
   922 | D:1      | Learned a level 3 spell: Mephitic Cloud
  1263 | D:2      | Identified the +10 war axe "Medwyn" {flame, Str+6}
  1436 | D:2      | Upgraded the game from 0.30.0-10-gfe55d96785 to
                  | 0.30.0-11-gf55b779eaf
  1468 | D:2      | Noticed Natasha
  1471 | D:2      | Killed Natasha
  1472 | D:2      | Reached skill level 1 in Fighting
  1472 | D:2      | Gained mutation: Your natural rate of healing is unusually
                  | fast. [Vine Stalker growth]
  1472 | D:2      | Reached XP level 4. HP: 16/22 MP: 3/9
  1617 | D:2      | Noticed Natasha
  1622 | D:2      | Killed from afar by Natasha

Illustrated notes

Levels and vault maps discovered:
D:1:      tarquinn_simple_flora_water_a, layout_basic, minmay_misc_feat_hallway,
          corexii_item_surrounded_by_moat, minmay_tromino_mix6
D:2:      layout_basic, serial_shops, nicolae_shop_hallway_stairs, uniq_natasha

Skill      XL: |  1  2  3 |
---------------+----------+-----
Fighting       | 1 |  1.0
Dodging        | |  1.5
Stealth        | |  2.4
Unarmed Combat | |  0.2
Spellcasting   | |  2.7
Conjurations   | |  0.5
Transmutations | |  1.5
Air Magic      | |  0.5
Poison Magic   | |  3.9

Action                     |  1- 3 |  4- 6 || total
---------------------------+-------+-------++-------
  Melee: Unarmed           |     1 |       ||     1
         Dagger            |    24 |       ||    24
         Bite              |     7 |       ||     7
         War axe           |     7 |     1 ||     8
   Cast: Sting             |    29 |     2 ||    31
         Poisonous Vapours |    18 |     1 ||    19
    Use: Potion            |       |     1 ||     1
 Armour: Robe              |     8 |       ||     8
  Dodge: Dodged            |    26 |     1 ||    27
